Map: Submarine LE

Players

Astrea - Winner!

  • Race: Protoss Protoss
  • League: Master
  • Spawn Location: 11:00

PartinG

  • Race: Protoss Protoss
  • League: Grandmaster
  • Spawn Location: 5:00

Event: War Chest Team League

VOD

Have the link to the VOD?

Description

Time

  • Played on: Aug. 9, 2020, 8:11 a.m.
  • Length: 10:30
Show
View Real Time Build Order
Export as new Build Order

Astrea Protoss - Winner!

Build Orders:  

Get SALT Encoding   

  12  0:00  Probe  
  13  0:12  Probe  
  14  0:18  Pylon  
  14  0:24  Probe (Chrono Boost)  
  15  0:37  Gateway, Probe (Chrono Boost)  
  16  0:44  Probe (Chrono Boost)  
  16  0:46  Assimilator  
  17  0:51  Probe  
  17  0:54  Assimilator  
  18  1:03  Probe (Chrono Boost)  
  19  1:07  Gateway  
  19  1:12  Probe (Chrono Boost)  
  19  1:17  Probe (Chrono Boost)  
  20  1:23  Cybernetics Core  
  21  1:29  Probe  
  22  1:38  Pylon  
  22  1:41  Probe  
  23  1:56  Probe  
  23  2:00  Stalker  
  23  2:01  Sentry  
  28  2:04  Warp Gate  
  28  2:07  Pylon  
  28  2:26  Robotics Facility  
  28  2:30  Adept  
  28  2:33  Adept  
  32  2:53  Nexus  
  32  3:10  Warp Prism (Chrono Boost)  
  32  3:11  Sentry  
  35  3:14  Sentry  
  35  3:19  Pylon  
  38  3:26  Probe  
  39  3:36  Immortal (Chrono Boost)  
  43  3:44  Probe  
  42  4:00  Adept x2  
  44  4:03  Gateway  
  44  4:08  Observer  
  45  4:20  Robotics Bay  
  41  4:52  Stalker x2  
  41  4:54  Probe x2  
  45  5:12  Probe  
  46  5:17  Adept x3  
  46  5:20  Disruptor (Chrono Boost)  
  52  5:25  Probe x2  
  51  5:37  Probe x2  
  51  5:38  Pylon  
  53  5:46  Disruptor (Chrono Boost)  
  53  5:49  Probe  
  57  5:50  Zealot x2  
  57  5:54  Pylon, Probe  
  62  6:01  Probe  
  63  6:06  Probe  
  63  6:11  Sentry  
  66  6:13  Probe  
  66  6:14  Zealot x2  
  66  6:15  Pylon  
  66  6:17  Pylon  
  71  6:18  Probe  
  72  6:25  Probe  
  71  6:34  Probe, Warp Prism  
  71  6:37  Zealot x3  
  76  6:49  Probe  
  75  6:56  Probe  
  69  7:01  Stalker, Zealot x2  
  69  7:05  Probe  
  69  7:07  Disruptor (Chrono Boost)  
  69  7:08  Probe  
  75  7:17  Probe  
  75  7:20  Probe  
  77  7:23  Stalker x2  
  77  7:27  Assimilator x2  
  77  7:29  Probe  
  80  7:32  Probe  
  80  7:36  Stalker  
  81  7:42  Disruptor (Chrono Boost)  
  82  7:47  Zealot x2  
  82  8:08  Forge  
  82  8:10  Twilight Council  
  76  8:17  Stalker x3  
  80  8:23  Probe  
  75  8:30  Disruptor  
  72  8:42  Stalker x3  
  72  8:46  Probe  
  75  8:55  Gateway  
  73  8:56  Gateway  
  73  8:58  Gateway  
  71  9:04  Nexus  
  71  9:08  Pylon  
  67  9:25  Stalker x3  
  71  9:38  Pylon  
  71  9:40  Probe x2  
  73  10:03  Stalker x6  
  73  10:04  Probe  
  73  10:05  Probe  
  90  10:17  Probe x3  
Show
View Real Time Build Order
Export as new Build Order

PartinG Protoss 

Build Orders: 1 Gate Expand 

Get SALT Encoding   

  12  0:00  Probe  
  13  0:12  Probe  
  14  0:18  Pylon  
  14  0:24  Probe (Chrono Boost)  
  15  0:37  Gateway  
  15  0:38  Probe (Chrono Boost)  
  16  0:42  Probe (Chrono Boost)  
  16  0:46  Assimilator  
  17  0:54  Probe  
  18  1:06  Probe  
  19  1:18  Probe  
  20  1:26  Cybernetics Core  
  20  1:30  Probe  
  21  1:37  Nexus  
  21  1:43  Pylon  
  21  1:48  Assimilator  
  21  1:49  Probe  
  22  1:57  Warp Gate (Chrono Boost)  
  22  1:59  Stalker (Chrono Boost)  
  22  2:04  Probe  
  25  2:16  Probe  
  25  2:22  Stalker  
  27  2:28  Probe  
  28  2:32  Gateway  
  28  2:38  Robotics Facility  
  28  2:44  Shield Battery  
  28  2:47  Probe  
  28  2:50  Probe  
  30  2:55  Sentry  
  32  2:59  Probe  
  32  3:02  Probe  
  34  3:06  Shield Battery  
  34  3:17  Probe  
  34  3:18  Probe  
  36  3:25  Immortal (Chrono Boost)  
  36  3:30  Probe  
  36  3:31  Probe  
  42  3:35  Pylon  
  42  3:42  Shield Battery  
  42  3:43  Sentry  
  42  3:45  Probe  
  43  3:56  Stalker  
  43  3:58  Probe (Chrono Boost)  
  43  4:00  Probe (Chrono Boost)  
  43  4:02  Observer  
  48  4:05  Pylon  
  48  4:09  Probe (Chrono Boost)  
  50  4:11  Pylon  
  50  4:13  Probe (Chrono Boost)  
  50  4:14  Probe (Chrono Boost)  
  51  4:20  Stalker  
  51  4:21  Probe  
  54  4:24  Stalker  
  50  4:44  Stalker  
  51  4:52  Warp Prism (Chrono Boost)  
  51  4:53  Adept  
  55  5:08  Zealot  
  57  5:17  Adept  
  51  5:34  Probe  
  51  5:35  Probe  
  53  5:48  Probe (Chrono Boost)  
  55  5:53  Probe (Chrono Boost)  
  55  5:55  Forge  
  55  5:58  Pylon  
  55  5:59  Probe (Chrono Boost)  
  55  6:03  Probe (Chrono Boost)  
  53  6:04  Probe (Chrono Boost)  
  53  6:09  Robotics Bay  
  54  6:13  Pylon, Probe  
  54  6:15  Probe  
  54  6:17  Assimilator  
  54  6:18  Assimilator  
  55  6:26  Stalker  
  55  6:28  Stalker  
  57  6:44  Probe x2  
  58  6:56  Stalker x2  
  58  7:01  Probe x2  
  54  7:13  Probe x2, Disruptor (Chrono Boost)  
  53  7:18  Gateway  
  53  7:19  Shield Battery  
  53  7:20  Adept  
  55  7:24  Adept  
  55  7:25  Probe  
  55  7:29  Probe  
  56  7:34  Shield Battery  
  54  7:37  Probe  
  54  7:39  Gateway  
  54  7:41  Gateway  
  54  7:42  Adept  
  57  7:47  Disruptor (Chrono Boost)  
  60  8:01  Adept  
  60  8:04  Adept  
  63  8:10  Gateway  
  63  8:14  Probe  
  63  8:18  Stalker  
  50  8:24  Adept x2  
  52  8:39  Adept x2  
  47  8:48  Adept x3  
  51  9:01  Stalker x2  
  55  9:07  Stalker  
  55  9:08  Probe x2 (Chrono Boost)  
  61  9:18  Stalker x2, Probe x2 (Chrono Boost)  
  61  9:19  Stalker  
  55  9:24  Stalker  
  55  9:26  Stalker  
  55  9:29  Probe (Chrono Boost)  
  55  9:30  Probe (Chrono Boost)  
  63  9:40  Stalker, Probe x2 (Chrono Boost)  
  65  9:57  Stalker x4  
  61  10:03  Stalker  
  64  10:16  Stalker  
  64  10:18  Pylon  
Tags
 
Add a new tag
Caveats
  • Supply blocks, unpowered buildings, or Contaminate may cause inaccurate times.
  • Supply counts are checked every 10 seconds.